[Event "Reykjavik Open 2025"]
[Site "Reykjavik"]
[Date "2025.04.14"]
[Round "8.11"]
[White "Ragnarsson, Dagur"]
[Black "Maze, Sebastien"]
[Result "0-1"]
[Annotator "TA"]
[ECO "B12"]
[WhiteElo "2352"]
[BlackElo "2557"]
[PlyCount "152"]
[EventDate "2025.04.09"]
[EventType "swiss"]
[EventCountry "ISL"]
[SourceTitle "playchess.com"]
[Source "ChessBase"]
[SourceQuality "1"]
[TimeControl "40/5400+30:1800+30"]

1. e4 c6 2. d4 d5 3. e5 Bf5 4. c4 e6 5. Nc3 Ne7 6. h3 {[%emt 0:01:57] B12: Caro-Kann: Advance Variation.} h6 7. Nf3 Nd7 8. b3 {[%emt 0:04:28] White has an edge.} Rc8 $146 (8... Ng6 9. a3 dxc4 10. bxc4 c5 11. g4 cxd4 12. Nxd4 Bxg4 13. hxg4 Ndxe5 14. Be2 Bc5 {1-0 Carlsen,M (2862)-Vachier Lagrave,M (2784) Chess.com Speed blitz 2020 (3.37)}) 9. Be2 Ng6 10. a3 {[%emt 0:11:47] Prevents Bb4.} Nh4 (10... Be7 $1 $11) 11. Nxh4 $14 Qxh4 12. g3 Qd8 13. c5 Be7 14. h4 O-O 15. g4 $1 Bg6 {[%emt 0:00:01][%cal Of7f6] [#]} 16. g5 hxg5 17. hxg5 {[%emt 0:00:11] White sacrificed a pawn} Bxg5 18. f4 Bh6 (18... Bh4+ $5 19. Kf1 Nxe5 20. dxe5 (20. fxe5 f6 $15) 20... d4 $18) 19. Bd3 Bxd3 20. Qxd3 f5 $1 21. Ra2 {[%emt 0:03:05][%mdl 1024] White has compensation.} Kf7 22. Rg2 Rh8 23. Qg3 Qf8 24. Ne2 Ke7 25. Qh4+ (25. Kd1 $14) 25... Ke8 (25... g5 $1 $11 26. Qg3 (26. fxg5 Bg7 $15) 26... g4 27. Qh4+ Ke8) 26. Ng1 Qe7 27. Qh5+ $1 Kd8 28. b4 Kc7 29. Qe2 Kb8 (29... a5 30. b5 Nxc5 31. dxc5 Qxc5 32. Qc2 Qxc2 33. Rxc2 Bxf4 34. Rxh8 Bg3+) 30. Rh3 Qf7 31. a4 Ka8 32. Nf3 Rc7 33. Ng5 Qe8 34. Rgh2 Rg8 35. Nf3 b6 36. Bd2 (36. Qd3 $11) 36... Qb8 $15 37. Rg2 Re8 (37... bxc5 $5 38. dxc5 Bxf4 39. Bxf4 Qxb4+ 40. Qd2 Qe4+ 41. Kf1 Nxc5 $11) 38. Rg6 $1 Rb7 39. Qa6 bxc5 40. dxc5 (40. bxc5 Qc7 $15) 40... Rxb4 (40... Nf8 41. Rg1 Rxb4 42. Bxb4 Qxb4+ 43. Ke2 Qe4+) 41. Qxc6+ Qb7 42. Rxe6 (42. Qxb7+ $11 Rxb7 43. c6 Rb1+ 44. Ke2) 42... Qxc6 (42... Re4+ {is more complex.} 43. Kf2 Qxc6 44. Rxc6 Bxf4 45. Bxf4 Rxf4 46. Kg2 Nxe5 47. Nxe5 Rxe5 48. Rb3 Re2+) 43. Rxc6 Rc4 44. Rh5 Nxc5 45. Rxc5 Rxc5 $17 46. Rxf5 Rcc8 ({Better is} 46... Rb8 47. Kf2 Rc4) 47. Nd4 g6 48. Rf6 {[%emt 0:04:18] [#] White is on the road to losing.} (48. Rf7 $1 $15) 48... Rf8 $1 $19 49. Rxf8 (49. Rxg6 Bxf4 50. e6) 49... Bxf8 {[%emt 0:00:27][%mdl 4096] Endgame KRB-KBN} ({Not} 49... Rxf8 50. Ke2 $17) 50. a5 Rc4 51. Ne6 Be7 52. Ke2 Kb7 53. Kd3 a6 54. Nd4 Bc5 55. Nf3 Kc6 56. Ng5 Be7 57. Nf3 Kd7 58. Nd4 Bc5 59. Nf3 Bb4 60. Bxb4 (60. Be3 $142) 60... Rxb4 {[%emt 0:00:02] KR-KN} 61. Nd4 Ra4 62. Kc3 Rc4+ 63. Kd3 Rc1 {[%emt 0:01:21] and ...Rc4 would now be decisive} 64. Nb3 Rc4 (64... Rc8 $142 65. Kd4 Rc4+ 66. Kxd5 Rxf4 67. Nc5+ Ke7) 65. Nd4 Ke7 66. Ke3 Rc3+ 67. Kd2 Ra3 68. Kc2 Kf7 ({And not} 68... Rxa5 69. Nc6+ Ke6 70. Nxa5 $11) 69. Nb3 Ra4 {[%emt 0:00:10] Black mates.} 70. Kd3 Rxf4 71. Nc5 g5 72. Nxa6 Ke6 73. Nc5+ Kxe5 74. a6 Rf3+ 75. Kc2 Ra3 76. Kb2 Ra5 {[%emt 0:00:06] Weighted Error Value: White=0.32/Black=0.13 (very precise)   Mistake:       	White=7     	Black=3      Inaccurate:     	White=8     	Black=6      OK:         	White=14    	Black=23     Best:        	White=3     	Black=1      Strong:       	White=3     	Black=2} 0-1

[Event "Reykjavik Open 2025"]
[Site "Reykjavik"]
[Date "2025.04.14"]
[Round "8.13"]
[White "Papp, Gabor"]
[Black "Migot, Tangi"]
[Result "1-0"]
[Annotator "TA"]
[ECO "C55"]
[WhiteElo "2502"]
[BlackElo "2347"]
[PlyCount "83"]
[EventDate "2025.04.09"]
[EventType "swiss"]
[EventCountry "ISL"]
[SourceTitle "playchess.com"]
[Source "ChessBase"]
[SourceQuality "1"]
[TimeControl "40/5400+30:1800+30"]

1. e4 e5 2. Nf3 Nc6 3. Bc4 Nf6 4. d3 Be7 5. O-O O-O 6. Re1 d6 7. a4 Be6 8. Bxe6 fxe6 9. Nbd2 a5 10. c3 {[%emt 0:00:24] The position is equal.} Qe8 11. Qb3 Nd8 12. d4 (12. Nf1 $14 {was preferrable.}) 12... exd4 $1 $11 13. Nxd4 Qf7 $1 14. N2f3 {[%emt 0:01:29] [#] And now Ng5 would win.} Nd7 15. Qc2 Qg6 {[%emt 0:06:05] aiming for ...c5.} 16. Qe2 c6 17. b3 Nf7 18. Ba3 Rfe8 19. Rad1 Bf8 20. c4 Rad8 21. h3 d5 (21... e5 $11 {remains equal.} 22. Nf5 Qf6) 22. Bxf8 $16 (22. exd5 {is more complex.} Bxa3 23. dxe6 Nc5 24. exf7+ Qxf7 25. Nc2) 22... Nxf8 23. exd5 cxd5 24. Nb5 dxc4 25. Qxc4 Rc8 26. Qf4 {[%emt 0:05:35] White has more active pieces.} Qf5 27. Qxf5 exf5 28. Rxe8 Rxe8 29. Rd5 g6 30. Na3 b6 31. Nc4 Re6 32. Nd4 Rf6 33. f4 Kg7 34. Kf2 Nh6 35. Kf3 ({White should try} 35. Re5 $18) 35... Ng8 (35... Nf7 $16 36. Ke2 h5) 36. Nd6 $18 {[%emt 0:11:48] [#] Strongly threatening Ne8+.} Kh8 37. Nc8 {[%emt 0:00:19] Prevents Ne7} Kg7 38. Rd8 ({White should play} 38. Rb5 $18 Ne6 39. Nxe6+ Rxe6 40. Nxb6 (40. Rxb6 Re1 $16)) 38... Kf7 $2 {[%emt 0:02:27][%mdl 8192] Black cannot hold the game after this.} (38... Ne6 $16 39. Rd7+ Kh8) 39. Nd6+ Ke7 40. Nc6+ Ke6 41. Ne8 Rf7 (41... Kf7 $18) 42. Rd6# {[%emt 0:00:09] Weighted Error Value: White=0.09 (flawless) /Black=0.53.  Loses game:     	---       	Black=1      Mistake:       	White=3     	Black=3      Inaccurate:     	White=1     	Black=2      OK:         	White=16    	Black=5      Best:        	White=3     	Black=2      Strong:       	---       	Black=2} 1-0

[Event "Reykjavik Open 2025"]
[Site "Reykjavik"]
[Date "2025.04.14"]
[Round "8.14"]
[White "Kilic, Eray"]
[Black "Borne, Felix"]
[Result "1/2-1/2"]
[Annotator "TA"]
[ECO "B45"]
[WhiteElo "2473"]
[BlackElo "2225"]
[PlyCount "84"]
[EventDate "2025.04.09"]
[EventType "swiss"]
[EventCountry "ISL"]
[SourceTitle "playchess.com"]
[Source "ChessBase"]
[SourceQuality "1"]
[TimeControl "40/5400+30:1800+30"]

1. e4 c5 2. Nf3 Nc6 3. d4 cxd4 4. Nxd4 Nf6 5. Nc3 e6 6. Be2 d5 7. exd5 {[%emt 0:02:21] B45: Sicilian Four Knights.} exd5 8. O-O Bd6 9. Bf3 {[%emt 0:06:49] Black should prevent Re1+.} O-O 10. Ndb5 d4 11. Nxd6 {[%emt 0:06:41] Counterplay Black} dxc3 $146 (11... Qxd6 $11 12. Nb5 Qc5 13. Bxc6 Bg4 14. Qxd4 Qxc6) (11... Qxd6 12. Nb5 Qb4 13. Bxc6 bxc6 14. Nxd4 c5 15. c3 Qc4 16. Nb3 Ba6 17. Re1 Rad8 {½-½ Zaw,Y (1525)-Chen,Z (1989) Eastern Asia-ch U16 7th 2023 (9)}) 12. bxc3 $16 Qa5 13. c4 $36 {[%emt 0:09:16][%mdl 2048] White is really pushing.} Rd8 14. Bf4 Ne8 15. Re1 {[%emt 0:08:47] White is more active.} Nxd6 16. Bxd6 Be6 17. c5 Rac8 18. Be4 {[%emt 0:08:38] This pair of bishops is nice.} b6 19. Qh5 (19. Qd3 $16 h6 20. Rad1) 19... h6 $11 {[%emt 0:02:55] [#] And now ...Rxd6 would win.} 20. Red1 bxc5 (20... Qb4 $11 21. Re1 Qa5) 21. Qxc5 $16 Qa4 22. Qe3 (22. f3 Nb8 23. Qb4 Qxb4 24. Bxb4 Nd7 25. a3) 22... Nb4 23. Qf4 {[%emt 0:01:51] [#] Threatens to win with Bxb4.} (23. Rd4 Nxc2 24. Rxa4 Nxe3 25. fxe3 Rxd6 26. Rxa7 Rd7 27. Rxd7 Bxd7 28. Rd1) 23... Qd7 $1 24. Qe5 (24. Bxb4 $2 {loses.} Qxd1+ 25. Be1 Qxa1 $19) ({Better is} 24. h4 $14 Nd5 25. Bxd5 Qxd6 26. Qxd6 Rxd6 27. Be4 Rxd1+ 28. Rxd1) 24... Nxc2 $11 {[%emt 0:03:25] The position is equal.} 25. Rac1 {[%emt 0:00:44] Chess con chili.} Na3 26. Rxc8 (26. Bxa3 $2 {leads to mate.} Qxd1+ 27. Rxd1 Rxd1#) 26... Rxc8 27. Bd3 Nc4 28. Bxc4 Bxc4 {[%emt 0:00:25] Black is weak on the dark squares} 29. h3 {[%emt 0:01:07][%cal Oe5g7] Opposite bishops and equal position} Qe6 30. Qg3 Bxa2 31. Be5 f6 (31... Qg6 {simplifies} 32. Qxg6 fxg6 33. Rd7 Bf7) 32. Bf4 Kh7 33. Rd6 Qf5 34. Ra6 Bd5 35. Rxa7 Qg6 {[%emt 0:00:01] Successful Defense Black} 36. Qxg6+ Kxg6 {[%emt 0:00:01][%mdl 4096] Endgame KRB-KRB} 37. Kh2 h5 38. Be3 Rb8 39. Re7 Bf7 40. Kg3 Re8 41. Rc7 Bd5 42. Rc5 Be6 {[%emt 0:01:19] Weighted Error Value: White=0.08 (flawless) /Black=0.08 (flawless)   Mistake:       	White=2     	Black=2      Inaccurate:     	---       	Black=1      OK:         	White=22    	Black=13     Best:        	White=1     	Black=2      Strong:       	---       	Black=1} 1/2-1/2

[Event "Reykjavik Open 2025"]
[Site "Reykjavik"]
[Date "2025.04.14"]
[Round "8.26"]
[White "Schouten, Mathias Lind"]
[Black "Zierk, Steven"]
[Result "1/2-1/2"]
[Annotator "TA"]
[ECO "D24"]
[WhiteElo "2279"]
[BlackElo "2501"]
[PlyCount "145"]
[EventDate "2025.04.09"]
[EventType "swiss"]
[EventCountry "ISL"]
[SourceTitle "playchess.com"]
[Source "ChessBase"]
[SourceQuality "1"]
[TimeControl "40/5400+30:1800+30"]

1. d4 Nf6 2. c4 e6 3. Nf3 d5 4. Nc3 dxc4 5. e4 b5 6. e5 $1 {[%emt 0:00:34] D24: Queen's Gambit Accepted: 3 Nf3 Nf6 4 Nc3.} Nd5 7. Nxb5 Nb6 8. Be2 {[%emt 0:01:10] White is slightly better.} Be7 9. O-O Nc6 10. Nc3 {[%emt 0:05:38][%csl Oa7,Oc4,Oc7] Black has weak pawns} O-O 11. b3 (11. Be3 $14 {is superior.}) 11... cxb3 $11 12. axb3 Bb7 13. Bd3 $146 (13. Be3 Nb4 14. Qd2 a5 15. Rfd1 N6d5 16. Nxd5 Bxd5 17. Qc3 c6 18. Ne1 Qb6 19. Rab1 {0-1 Seel,C (2483)-Shimanov,A (2597) Titled Tuesday intern op 06th Apr blitz 2021 (1)}) 13... Nb4 14. Bb1 c5 (14... Bxf3 {keeps more tension.} 15. Qxf3 Qxd4 16. Be4 N6d5) 15. Ne4 cxd4 16. Nxd4 Qd5 17. Bb2 Qxe5 18. Qe2 (18. Nc6 Qxb2 19. Nxe7+ Kh8 $15) (18. f4 $11 Qd5 19. Qg4) 18... Qf4 (18... Qd5 $15 19. Rd1 Rfd8) 19. g3 Qh6 20. h4 $40 {[%emt 0:12:10][%mdl 128] White has some attack.} Rfc8 {[%emt 0:08:03] Against Bc1} 21. Nb5 Ba6 {[%emt 0:09:36] [#]} 22. Rxa6 $1 Nxa6 23. Nbd6 Bxd6 24. Nxd6 Nb4 25. Nxc8 Rxc8 26. Rd1 N4d5 27. Be4 a5 ({Black should try} 27... f5 $14 28. Bg2 f4) 28. Ra1 $16 Nf6 29. Bf3 {[%emt 0:02:45] White is more active.} Nbd5 (29... Qg6 $14) 30. Rxa5 Qg6 {[%emt 0:00:32] [#]} 31. Qc4 Qb1+ $14 (31... Rxc4 32. Ra8+) 32. Kh2 Re8 (32... Ne7 $11 {keeps the balance.} 33. Qd4 h6) 33. Qe2 $16 h6 34. b4 Rb8 35. b5 {[%emt 0:00:46] Strongly threatening Bxd5.} Qf5 36. Be5 {[%emt 0:01:26] This pair of bishops is nice.} Rc8 37. Bxf6 (37. Ra2 $16) 37... Nxf6 $14 38. Ra8 Rxa8 39. Bxa8 {[%emt 0:00:03][%mdl 4096] Endgame KQB-KQN} Qc5 40. Kg2 Kf8 41. Bc6 g5 42. hxg5 hxg5 43. Qd2 Ke7 44. Kf1 Ng4 45. Kg2 Nf6 46. Kf1 Ng4 47. Kg1 f6 48. Bf3 ({Much less strong is} 48. Qd7+ Kf8 49. Qd2 (49. Qxe6 $2 Qxf2+ 50. Kh1 Qh2#) 49... Ke7 $14) 48... Ne5 49. Be2 {[%emt 0:00:00] [#]} Qxb5 $1 50. Bxb5 {[%emt 0:00:00] Threatening mate with Kf1.} (50. Qc2 Qb4) 50... Nf3+ 51. Kg2 Nxd2 $17 {[%emt 0:00:07] KB-KN. Black is a pawn up.} 52. Bd3 e5 53. f3 $1 Nb3 (53... g4 $15 54. f4 Nf3) 54. Kf2 (54. Kh3 $11) 54... Nc5 55. Bf5 {[%emt 0:00:00] The position is equal.} Nb7 56. f4 Nd6 57. Bb1 Ke6 58. fxg5 fxg5 59. Kf3 Kd5 60. Kg4 Ne4 61. Ba2+ (61. Bxe4+ Kxe4 62. Kxg5 Kf3 63. Kh4 e4 64. g4 e3 65. Kg5 e2 66. Kf5 e1=Q (66... e1=B 67. g5 $11) 67. g5 Qe4+ 68. Kf6 Kf4 (68... Qf4+ {gets mated.} 69. Ke7 Qxg5+ 70. Ke6 Qd8 71. Kf7 Qd7+ 72. Kg6 Qe7 73. Kf5 Qd6 74. Kg5 Qe6 75. Kh5 Kf4 76. Kh4 Qh6#) 69. g6 Qe5+ 70. Kf7 Kf5 71. g7 Qf6+ 72. Ke8 Qxg7 73. Kd8 Ke6 74. Kc8 Qa7 75. Kd8 Qd7#) 61... Kd4 62. Bf7 Nf2+ 63. Kxg5 e4 64. Bh5 e3 65. Bf3 Kd3 66. Kf5 Nh3 67. Bb7 Kd2 {[%emt 0:00:27] ( -> ...e2)} (67... e2 $5 68. Ba6+ $8 Ke3 69. Bxe2 Kf2 $11) 68. Ba6 $1 Nf2 {[%emt 0:00:38] ( -> ...Nd3)} 69. Bf1 $1 Ke1 70. Kf4 Kxf1 71. Kxe3 Kg2 72. g4 Nxg4+ 73. Ke4 {[%emt 0:00:30] Weighted Error Value: White=0.11 (very precise) /Black=0.13 (very precise)   Mistake:       	White=5     	Black=5      Inaccurate:     	White=4     	Black=3      OK:         	White=27    	Black=29     Best:        	White=3     	Black=3      Strong:       	White=3     	---        Brilliant:      	White=1     	Black=1} 1/2-1/2

[Event "Reykjavik Open 2025"]
[Site "Reykjavik"]
[Date "2025.04.14"]
[Round "8.27"]
[White "Bailet, Pierre"]
[Black "Harish, Neeraj"]
[Result "1/2-1/2"]
[Annotator "TA"]
[ECO "D02"]
[WhiteElo "2495"]
[BlackElo "2169"]
[PlyCount "103"]
[EventDate "2025.04.09"]
[EventType "swiss"]
[EventCountry "ISL"]
[SourceTitle "playchess.com"]
[Source "ChessBase"]
[SourceQuality "1"]
[TimeControl "40/5400+30:1800+30"]

1. Nf3 Nf6 2. g3 g6 3. Bg2 Bg7 4. O-O O-O 5. d4 d5 6. c3 c6 7. Nbd2 Nbd7 8. Re1 e5 {[%emt 0:08:01] Recently 8...c5 got a lot of attention. D02: 1 d4 d5 2 Nf3 sidelines, including 2...Nf6 3 g3 and 2...Nf6 3 Bf4.} 9. dxe5 Ng4 10. e4 Ndxe5 11. Nxe5 (11. exd5 {seems wilder.} Nd3 12. Re2 Qxd5 13. Nb3) 11... Nxe5 12. exd5 cxd5 (12... Bg4 $11 13. Qb3 cxd5) 13. Nb3 $14 Bg4 14. Qxd5 Qxd5 15. Bxd5 Nf3+ $146 (15... Rae8 $14 16. Nd4 (16. Bxb7 $2 Nf3+ 17. Bxf3 Rxe1+ 18. Kg2 Bxf3+ 19. Kxf3 Rd8 $19) 16... Nc6 17. Rxe8 Rxe8) (15... Rad8 16. Bxb7 Bf3 17. Bf4 Bxb7 18. Bxe5 Bh6 19. Bf6 Ra8 20. Re7 Bd5 21. Nd4 Rfc8 {1-0 Mehar,C (2405)-Anadkat,K (2147) IND-ch 59th New Delhi 2022 (5)}) 16. Bxf3 $16 Bxf3 17. Be3 Rfd8 18. Bd4 a5 19. Bxg7 Kxg7 20. Nd4 Bd5 21. f3 b5 22. a3 Rab8 23. b4 Rdc8 24. Re3 Kf6 (24... Bc4 $14) 25. Kf2 ({White should try} 25. bxa5 Bc4 26. Ree1) 25... h5 26. h4 Rc7 27. Rae1 (27. bxa5 Ra7) 27... axb4 28. axb4 Ra7 {[%emt 0:00:10] Repels Ra1} 29. R1e2 Ra3 30. Rd2 Bc4 31. g4 Rba8 (31... hxg4 $14 32. fxg4 Kg7) 32. Kg3 Ra1 33. gxh5 gxh5 34. Kf4 Rh1 35. Nf5 Be6 {[%emt 0:00:11] [#]} 36. Rd6 $1 Rc8 37. Nd4 (37. Rb6 $16) 37... Rg8 ({Black should play} 37... Rxh4+ $11 38. Kg3 Rh3+ 39. Kf2 Rh2+ 40. Kg1 Rd2) 38. Rexe6+ (38. Nxb5 $2 Rxh4#) (38. Ke4 $14) 38... fxe6 $11 39. Rxe6+ $14 {[%emt 0:00:02][%mdl 4096] Endgame KRR-KRN} Kf7 40. Rb6 Rxh4+ 41. Kf5 Re8 42. Rxb5 Rh1 43. Nc6 Rc1 {[%emt 0:07:05][%cal Oe8f8][%mdl 1024] Black has compensation.} 44. Rb7+ Kf8 45. Ne5 Rd8 46. c4 Rd4 $2 {[%emt 0:02:20] [#]} (46... Kg8 $1 $11 {and Black is okay.}) 47. c5 (47. b5 $1 $18 {[%cal Rb5b6] is the precise move to win.}) 47... h4 $16 48. Kf6 {[%emt 0:00:06] White is more active.} (48. c6 $16 {Strongly threatening b5.} h3 49. Rh7) 48... Rf4+ $11 {[%emt 0:02:13] The position is equal.} 49. Kg5 (49. Ke6 $5 Re1 $8 50. c6 $11) 49... Rd4 50. Kf6 {[%emt 0:04:36] Intending Rb8+ and mate.} Rf4+ 51. Kg5 (51. Ke6 $5 Re1 $8 52. c6 $14) 51... Rd4 52. Kf6 {[%emt 0:01:06] Weighted Error Value: White=0.21 (precise) /Black=0.21 (precise)   Loses game:     	---       	Black=1      Mistake:       	White=5     	Black=5      Inaccurate:     	White=2     	Black=5      OK:         	White=15    	Black=16     Best:        	White=4     	Black=5      Strong:       	White=1     	---} 1/2-1/2